Map: [ESL] Data-C

Players

KingCobra

  • Race: Protoss Protoss
  • Spawn Location: 9:00

Bly - Winner!

  • Race: Zerg Zerg
  • Spawn Location: 3:00

Event: DreamHack SC2 Masters 2022 Atlanta (Online)

VOD

Have the link to the VOD?

Description

Time

  • Played on: Oct. 4, 2022, 2:18 p.m.
  • Length: 9:51

All games in this series

Show
View Real Time Build Order
Export as new Build Order

KingCobra Protoss 

Build Orders: 1 Gate Expand 

Get SALT Encoding   

  12  0:00  Probe  
  13  0:12  Probe  
  14  0:19  Pylon  
  14  0:25  Probe  
  15  0:37  Probe (Chrono Boost)  
  15  0:41  Gateway  
  16  0:48  Assimilator  
  16  0:49  Probe (Chrono Boost)  
  17  0:53  Probe (Chrono Boost)  
  18  1:04  Probe  
  19  1:05  Assimilator  
  19  1:16  Probe  
  20  1:29  Cybernetics Core  
  20  1:39  Nexus  
  20  1:47  Probe  
  20  1:49  Zealot  
  23  1:56  Pylon  
  23  2:14  Probe  
  24  2:17  Stalker  
  26  2:26  Probe  
  26  2:28  Stargate  
  27  2:36  Forge  
  27  2:39  Probe  
  28  2:54  Probe  
  29  3:08  Pylon  
  29  3:11  Photon Cannon  
  28  3:20  Void Ray (Chrono Boost)  
  28  3:21  Probe  
  29  3:31  Probe (Chrono Boost)  
  29  3:36  Probe (Chrono Boost)  
  29  3:40  Shield Battery  
  30  3:43  Probe (Chrono Boost)  
  32  3:48  Probe (Chrono Boost), Stalker  
  32  3:52  Probe (Chrono Boost)  
  32  3:53  Probe (Chrono Boost)  
  36  3:57  Probe  
  37  4:03  Probe  
  38  4:10  Probe  
  38  4:12  Gateway  
  38  4:22  Pylon  
  34  4:27  Probe x2  
  33  4:36  Cybernetics Core  
  33  4:39  Oracle, Probe (Chrono Boost)  
  33  4:40  Probe (Chrono Boost)  
  38  4:50  Probe x2 (Chrono Boost)  
  40  4:55  Probe x2 (Chrono Boost)  
  42  5:06  Probe x2 (Chrono Boost)  
  44  5:13  Sentry  
  46  5:15  Pylon  
  45  5:23  Probe (Chrono Boost)  
  45  5:25  Probe (Chrono Boost), Fleet Beacon  
  46  5:32  Shield Battery  
  46  5:34  Probe (Chrono Boost)  
  48  5:35  Stargate  
  48  5:36  Probe (Chrono Boost)  
  48  5:39  Assimilator  
  48  5:41  Probe  
  49  5:43  Assimilator  
  49  5:44  Probe  
  50  5:53  Probe  
  50  5:56  Probe  
  52  6:00  Pylon  
  52  6:05  Probe  
  52  6:08  Probe  
  52  6:10  Pylon  
  54  6:15  Pylon  
  54  6:18  Warp Gate  
  54  6:26  Carrier (Chrono Boost)  
  54  6:28  Probe x2  
  54  6:31  Nexus  
  62  6:40  Probe x2  
  62  6:41  Carrier (Chrono Boost), Pylon  
  70  6:56  Photon Cannon  
  70  6:59  Probe x2  
  72  7:05  Twilight Council  
  72  7:09  Shield Battery  
  72  7:11  Probe x2  
  72  7:12  Photon Cannon  
  70  7:23  Probe x2  
  71  7:35  Probe x2 (Chrono Boost)  
  72  7:39  Pylon  
  72  7:43  Carrier (Chrono Boost)  
  78  7:46  Probe (Chrono Boost)  
  78  7:47  Probe (Chrono Boost)  
  78  7:48  Probe (Chrono Boost)  
  78  7:49  Charge  
  81  7:56  Probe x3 (Chrono Boost)  
  81  8:01  Probe x2 (Chrono Boost)  
  81  8:02  Probe  
  81  8:03  Shield Battery  
  81  8:05  Photon Cannon  
  84  8:07  Templar Archives  
  84  8:10  Stalker  
  86  8:13  Probe  
  86  8:15  Probe x2  
  86  8:18  Assimilator  
  89  8:23  Assimilator  
  89  8:25  Probe  
  90  8:29  Pylon  
  90  8:36  Gateway  
  90  8:37  Gateway  
  90  8:41  Void Ray (Chrono Boost)  
  94  8:43  Shield Battery  
  94  8:44  Pylon  
  94  8:47  Gateway  
  98  8:56  Pylon  
  98  9:02  Probe x2  
  100  9:12  Gateway  
  100  9:13  Gateway  
  100  9:15  Gateway, Stalker  
  94  9:28  Stargate  
  90  9:33  Gateway  
  90  9:34  Gateway  
  90  9:37  Gateway, High Templar  
  90  9:38  Gateway, High Templar  
  94  9:39  Pylon  
  94  9:43  Archon  
Show
View Real Time Build Order
Export as new Build Order

Bly Zerg - Winner!

Build Orders: Hatch First 

Get SALT Encoding   

  12  0:00  Drone  
  13  0:12  Overlord  
  13  0:17  Drone  
  14  0:30  Drone x2  
  16  0:39  Drone  
  17  0:53  Hatchery  
  16  0:58  Drone  
  16  1:02  Drone  
  18  1:12  Extractor  
  18  1:17  Spawning Pool  
  17  1:18  Drone  
  17  1:20  Drone  
  18  1:29  Drone  
  19  1:57  Hatchery  
  18  2:06  Zergling x8  
  22  2:11  Queen  
  24  2:21  Overlord  
  24  2:30  Drone x3  
  27  2:37  Metabolic Boost  
  27  2:50  Drone  
  27  2:51  Drone x3  
  31  2:55  Queen  
  33  3:04  Drone x2  
  34  3:08  Drone  
  34  3:14  Drone x2  
  36  3:23  Overlord  
  36  3:27  Zergling x8  
  40  3:35  Spore Crawler  
  40  3:39  Zergling x4  
  40  3:40  Overlord  
  41  3:43  Spore Crawler  
  40  3:54  Spore Crawler  
  39  4:02  Drone  
  38  4:03  Drone x7  
  44  4:18  Drone x4  
  44  4:22  Drone x3  
  46  4:33  Zergling x8  
  46  4:36  Overlord x2  
  50  4:41  Overlord  
  50  4:44  Hatchery  
  49  4:47  Overlord  
  49  4:48  Overlord  
  49  4:54  Queen  
  49  4:59  Drone x3  
  54  5:09  Zergling x6  
  54  5:11  Zergling x2  
  54  5:12  Zergling x4  
  58  5:14  Overlord  
  58  5:15  Lair  
  57  5:22  Drone x8  
  57  5:25  Queen  
  67  5:30  Queen  
  69  5:47  Drone x11  
  76  5:58  Overlord  
  76  6:03  Drone  
  76  6:04  Drone x4, Extractor  
  78  6:15  Hatchery  
  78  6:16  Hydralisk Den, Drone x6  
  78  6:17  Extractor  
  82  6:19  Drone x2  
  82  6:22  Drone  
  85  6:26  Extractor, Overlord  
  85  6:27  Extractor  
  85  6:28  Extractor  
  85  6:29  Hatchery  
  81  6:33  Spire  
  81  6:34  Zergling x12  
  81  6:35  Queen x2  
  88  6:45  Drone  
  88  6:46  Spore Crawler, Drone x8  
  96  6:54  Drone x3  
  96  7:01  Overlord  
  99  7:02  Evolution Chamber  
  99  7:04  Overseer  
  99  7:05  Queen x2  
  103  7:08  Drone x3  
  103  7:09  Overlord, Extractor  
  103  7:15  Overlord  
  104  7:18  Zergling x2  
  104  7:19  Zergling x4  
  103  7:35  Zerg Melee Weapons Level 1  
  101  7:48  Roach Warren  
  101  7:49  Drone x3  
  101  7:50  Overlord  
  103  7:53  Infestation Pit  
  102  8:00  Corruptor x9  
  102  8:04  Zergling x28  
  134  8:06  Corruptor  
  136  8:13  Drone x2  
  136  8:14  Drone x2, Extractor  
  136  8:16  Overlord x2  
  137  8:28  Corruptor x4  
  137  8:29  Baneling Nest  
  144  8:45  Overlord  
  144  8:49  Corruptor x2  
  148  8:56  Overlord x2  
  148  8:57  Queen x4  
  158  9:07  Corruptor  
  152  9:29  Zergling x38  
  152  9:30  Zergling x6  
Tags
 
Add a new tag
Caveats
  • Supply blocks, unpowered buildings, or Contaminate may cause inaccurate times.
  • Supply counts are checked every 10 seconds.